 Dungeon Crawl Stone Soup version 0.28.0-45-g0d030f2227 (webtiles) character file.

Game seed: 7456521904914640523

112 McKennaii the Shield-Bearer (level 4, -1/38 HPs)
             Began as a Demigod Fighter on Apr 18, 2022.
             Slain by a black bear (4 damage)
             ... on level 3 of the Dungeon.
             The game lasted 00:01:55 (2736 turns).

McKennaii the Shield-Bearer (Demigod Fighter)       Turns: 2736, Time: 00:01:57

Health: -1/38      AC:  8    Str: 21    XL:     4   Next: 38%
Magic:  6/6        EV:  9    Int: 10    God:
Gold:   137        SH:  5    Dex: 13    Spells: 0/3 levels left

rFire   . . .      SeeInvis .   a - +0 trident
rCold   . . .      Faith    .   c - +0 buckler
rNeg    . . .      Spirit   .   b - +0 scale mail
rPois   .          Reflect  .   (no helmet)
rElec   .          Harm     .   (no cloak)
rCorr   .          Rampage  .   j - +0 pair of gloves
Will    .....                   (no boots)
Stlth   ..........              (no amulet)
HPRegen 0.12/turn               (no ring)
MPRegen 0.10/turn               (no ring)

@: no status effects
A: high MP 1, forlorn, divine attributes
a: no special abilities


You were on level 3 of the Dungeon.
You visited 1 branch of the dungeon, and saw 3 of its levels.

You collected 137 gold pieces.

Inventory:

Hand Weapons
 a - a +0 trident (weapon)
Armour
 b - a +0 scale mail (worn)
 c - a +0 buckler (worn)
 j - a +0 pair of gloves (worn)
Scrolls
 e - 3 scrolls of fog {unknown}
 h - a scroll of torment {unknown}
 i - a scroll of fear {unknown}
 k - a scroll of immolation {unknown}
 l - a scroll of identify {unknown}
 m - a scroll of blinking {unknown}
Potions
 d - a potion of might
 f - a potion of invisibility {unknown}
 g - a potion of heal wounds {unknown}


   Skills:
 + Level 3.3 Fighting
 + Level 2.6 Polearms
 + Level 3.3 Armour
 + Level 3.3 Shields
 + Level 0.2 Summonings


You couldn't memorise any spells.
You knew the following spells:

 Your Spells              Type           Power      Damage    Failure   Level
a - Call Canine Familiar  Summ           0%         N/A       98%         3

Your spell library contained the following spells:

 Spells                   Type           Power      Damage    Failure   Level
 Summon Small Mammal      Summ           0%         N/A       77%         1
 Sublimation of Blood     Necr           0%         N/A       90%         2
 Summon Guardian Golem    Hex/Summ       0%         N/A       98%         3
 Petrify                  Tmut/Erth      0%         N/A       100%        4
 Irradiate                Conj/Tmut      0%         3d13      100%        5


Dungeon Overview and Level Annotations

Branches:
Dungeon (3/15)

Shops:
D:1 ?


Innate Abilities, Weirdness & Mutations

You have an increased reservoir of magic. (+10% MP)
You shall have no god before yourself.
Your divine heritage dramatically boosts your attributes as you level up.


Message History

The black bear barely misses you.
You hit the black bear.
The black bear is moderately wounded.
The black bear bites you. The black bear claws you.
The black bear barely misses you.
You puncture the black bear!
The black bear is heavily wounded.
The black bear closely misses you. The black bear claws you.
You block the black bear's attack.
You hit the black bear.
The black bear is severely wounded.
The black bear bites you! The black bear closely misses you.
You block the black bear's attack.
You hit the black bear but do no damage.
The black bear is severely wounded.
The black bear bites you but does no damage.
The black bear claws you but does no damage. x2
Unknown command.
You hit the black bear.
The black bear is severely wounded.
The black bear bites you. The black bear claws you.
The black bear claws you but does no damage.
You are too injured to fight recklessly!
Unknown command.
You hit the black bear.
The black bear is almost dead.
The black bear goes berserk!
The black bear bites you but does no damage.
The black bear barely misses you. You block the black bear's attack.
You hit the black bear but do no damage.
The black bear is almost dead.
You block the black bear's attack. x2; The black bear claws you.
You closely miss the black bear.
The black bear is almost dead.
The black bear barely misses you.
The black bear claws you but does no damage.
You block the black bear's attack. The black bear bites you!
* * * LOW HITPOINT WARNING * * *
The black bear claws you.
You die...

###########
#..@h......
#.######### #.#
#########.# #.#
#.......#.# ..#
#.#####.#.# #.#
#.# #.#.# #.#
#.# #.#.# #.#
#.#####.#.#
##.###.#.....#.#


You could see a black bear (berserk).

Vanquished Creatures
  5 adders
  An adder skeleton (D:2)
  2 worms (D:3)
  2 dart slugs
  5 bats
  2 endoplasms (D:1)
  4 giant cockroaches
  4 goblins
  3 hobgoblins
  2 jackals (D:1)
  A kobold (D:1)
  3 quokkas (D:2)
  9 ball pythons
  4 frilled lizards
  8 rats
55 creatures vanquished.

Notes
Turn   | Place    | Note
-------+----------+-------------------------------------------
     0 | D:1      | McKennaii the Demigod Fighter began the quest for the Orb.
     0 | D:1      | Reached XP level 1. HP: 18/18 MP: 3/3
   421 | D:1      | Found Huphemm's Magic Scroll Emporium.
   533 | D:1      | Reached XP level 2. HP: 25/25 MP: 4/4
  1359 | D:2      | Reached XP level 3. HP: 27/31 MP: 5/5
  1932 | D:2      | Reached XP level 4. HP: 30/38 MP: 6/6
  2322 | D:2      | Learned a level 3 spell: Call Canine Familiar
  2724 | D:3      | Noticed a black bear
  2736 | D:3      | Slain by a black bear

Illustrated notes

Levels and vault maps discovered:
D:1:      heliophobic_arrival_glass_houses, layout_basic, serial_shops,
          nicolae_square_shop, nicolae_ecumenical_snake_handling,
          minmay_fountain_box, st_stairs_2, solitary_fountain,
          minmay_pentomino_p2
D:2:      layout_basic, minmay_increasing_density
D:3:      layout_loops_ring, lemuel_crystal_altar,
          mainiacjoe_overflow_divided_tiny, hangedman_decor_clover_reticule

Skill      XL: |  1  2 |
---------------+-------+-----
Polearms       | 2 |  2.6
Shields        | 3 |  3.3
Fighting       | 3 |  3.3
Armour         | 3 |  3.3
Summonings     | |  0.2

Action                   |  1- 3 |  4- 6 || total
-------------------------+-------+-------++-------
Melee: Trident           |   141 |    74 ||   215
Armor: Scale mail        |    80 |    37 ||   117
Dodge: Dodged            |    73 |    28 ||   101
Block: Buckler           |    32 |    15 ||    47
